 Dungeon Crawl Stone Soup version 0.24-a0-525-g9231cdc (webtiles) character file.

Game seed: 10860570166767410287

7484 snetch the Spear-Bearer (level 10, -5/91 HPs)
             Began as a Minotaur Berserker on July 31, 2019.
             Was a High Priest of Trog.
             Killed by divine providence
             ... invoked by a meliai
              (15 damage)
             ... on level 12 of the Dungeon on Aug 1, 2019.
             The game lasted 00:51:16 (8728 turns).

snetch the Spear-Bearer (Minotaur Berserker)        Turns: 8728, Time: 00:51:17

Health: -5/91      AC: 17    Str: 29    XL:     10   Next: 94%
Magic:  9/9        EV: 24    Int:  4    God:    Trog [*****.]
Gold:   686        SH:  0    Dex: 10    Spells: 9/9 levels left

rFire    + . .     SeeInvis .   a - +0 halberd (venom)
rCold    . . .     Gourm    .   (shield currently unavailable)
rNeg     . . .     Faith    .   C - +0 plate armour
rPois    .         Spirit   .   (helmet restricted)
rElec    .         Reflect  .   V - +2 cloak
rCorr    .         Harm     .   (no gloves)
MR       ++...                  (no boots)
Stlth    ..........             H - amulet of the acrobat
HPRegen  1.25/turn              d - ring of protection from fire
MPRegen  0.11/turn              w - +4 ring of strength

@: lethally poisoned (-5 -> -5), about to teleport, berserk cooldown, acrobat,
regenerating, slowed, very slow
A: retaliatory headbutt, horns 2
a: Berserk, Trog's Hand, Brothers in Arms, Renounce Religion


You were on level 12 of the Dungeon.
You worshipped Trog.
Trog was extremely pleased with you.
You were near starving.

You visited 2 branches of the dungeon, and saw 13 of its levels.
You also visited: Ossuary.

You collected 686 gold pieces.

Inventory:

Hand Weapons
 a - a +0 halberd of venom (weapon)
 b - a +2 hunting sling of freezing
 c - a +1 antimagic eveningstar
 B - a +0 whip of electrocution
 M - a +2 spear of freezing
Missiles
 i - 11 boomerangs (quivered)
 j - 207 arrows
 s - 73 bolts
 z - 369 stones
 L - 2 atropa-tipped darts
 T - a throwing net
 W - 23 poisoned darts
Armour
 y - a +0 leather armour of poison resistance
 C - a +0 plate armour (worn)
 S - the -1 cloak of Integrity {Int+4}
   (You found it on level 7 of the Dungeon)

   It affects your intelligence (+4).
 U - +0 steam dragon scales
 V - a +2 cloak (worn)
Magical Staves
 G - an uncursed staff of poison
 J - an uncursed staff of air
Jewellery
 d - a ring of protection from fire (left hand)
 e - a +3 ring of dexterity
 w - a +4 ring of strength (right hand)
 F - a +2 ring of strength
 H - an amulet of the acrobat (around neck)
Wands
 D - a wand of random effects (15)
 N - a wand of acid (11)
 Y - a wand of enslavement (5)
Scrolls
 l - 2 scrolls of random uselessness {unknown}
 o - 5 scrolls of remove curse
 p - 5 scrolls of fog
 q - 3 scrolls of amnesia {unknown}
 r - 3 scrolls of enchant armour
 t - 4 scrolls of magic mapping {unknown}
 v - 6 scrolls of teleportation
 x - 3 scrolls of fear
 O - a scroll of silence
 R - a scroll of blinking
Potions
 f - 2 potions of flight
 g - 4 potions of brilliance
 h - 2 potions of berserk rage
 k - 4 potions of curing {unknown}
 m - 4 potions of resistance
 n - 3 potions of haste {unknown}
 u - a potion of invisibility
 A - 3 potions of agility {unknown}
 E - a potion of cancellation
 K - 2 potions of heal wounds
 P - a potion of lignification
 Q - a potion of mutation
Comestibles
 I - 4 chunks of flesh
 X - 31 rations


   Skills:
 + Level 9.2 Fighting
   Level 4.9(10.2) Axes
 + Level 6.0(6.8) Maces & Flails
 + Level 12.3(12.6) Polearms
 + Level 4.2(4.5) Slings
 + Level 1.9(3.1) Throwing
 + Level 9.1 Armour
 + Level 4.3 Dodging
 + Level 0.8 Stealth


You had 9 spell levels left.
You didn't know any spells.
Your spell library was empty.

Dungeon Overview and Level Annotations

Branches:
Dungeon (12/15)            Temple (1/1) D:4            Lair (0/6) D:9
    Orc: D:9-12

Altars:
Ashenzari
Cheibriados
Dithmenos
Elyvilon
Fedhas
Gozag
Hepliaklqana
Kikubaaqudgha
Makhleb
Nemelex Xobeh
Okawaru
Qazlal
Ru
Sif Muna
Trog
Uskayaw
Vehumet
Wu Jian
Xom
Yredelemnul
Zin
The Shining One


Innate Abilities, Weirdness & Mutations

You reflexively headbutt those who attack you in melee.
You have a pair of horns on your head.


Message History

The killer bee stings you but does no damage.
Unknown command.
You are no longer berserk.
You are exhausted.
You feel yourself slow down.
The killer bee stings you but does no damage.
You see here a killer bee corpse.
As you read the scroll of teleportation, it crumbles to dust.
You feel strangely unstable.
You hear the beating of a distant drum.
You feel sick. The killer bee completely misses you.
The killer bee closely misses you. You furiously retaliate!
You headbutt the killer bee! The killer bee closely misses you.
You furiously retaliate!
You headbutt the killer bee, but do no damage.
The killer bee stings you but does no damage.
You feel sick.
The meliai calls down the wrath of its god upon you.
Something smites you!
You die...

#### #..## #####
##..###...## ##........#
######### ###.........##
.%yy.yyy###............#
#.##.............#
#yyy.........[.<.#
###@.............#
##............##
##...........#
##.........##
##........# #........
##.##.#


You could see a meliai and 5 killer bees.

Vanquished Creatures
  A queen bee (D:12)
  A meliai (D:12)
  A troll (D:10)
  2 hippogriffs
  Sigmund (D:2)
  5 yaks (D:9)
  A steam dragon (D:10)
  A hornet zombie (D:7)
  3 orc warriors
  An eye of draining (D:10)
  A sky beast (D:8)
  A black bear (D:9)
  A phantom (D:10)
  4 necrophages (D:7)
  5 ogres
  A centaur (D:6)
  2 crocodiles (D:9)
  3 big kobolds
  8 bullfrogs
  A gnoll sergeant (D:10)
  9 scorpions
  8 wights
  8 killer bees (D:12)
  2 howler monkeys
  4 crimson imps
  2 jellies
  2 centaur zombies
  9 hounds
  A quasit (D:10)
  A bullfrog skeleton (D:5)
  2 centaur skeletons
  2 human zombies (Ossuary)
  2 orc priests
  Terence (D:3)
  5 orc wizards
  4 worker ants
  A big kobold zombie (Ossuary)
  3 mummies (Ossuary)
  2 hound skeletons
  2 hound zombies
  A worker ant zombie (D:7)
  Robin (D:4)
  8 gnolls
  7 adders
  6 scorpion zombies (Ossuary)
  An adder zombie (D:7)
  2 adder skeletons
  4 worms
  2 dart slugs
  8 leopard geckos
  34 orcs
  4 giant cockroaches
  19 goblins
  10 hobgoblins
  2 jackals (D:5)
  18 kobolds
  4 quokkas
  A ball python (D:3)
  7 bats
  5 frilled lizards
  A gnoll zombie (Ossuary)
  A goblin zombie (Ossuary)
  3 hobgoblin zombies (Ossuary)
  2 kobold zombies (Ossuary)
  2 leopard gecko zombies (D:7)
  An orc zombie (Ossuary)
  A quokka skeleton (D:9)
  9 rats
  3 bushes (D:7)
  9 plants
290 creatures vanquished.

Vanquished Creatures (collateral kills)
  A killer bee (D:12)
1 creature vanquished.

Vanquished Creatures (others)
  2 plants (D:7)
2 creatures vanquished.

Grand Total: 293 creatures vanquished

Notes
Turn   | Place    | Note
-------+----------+-------------------------------------------
     0 | D:1      | snetch the Minotaur Berserker began the quest for the Orb.
     0 | D:1      | Reached XP level 1. HP: 19/19 MP: 0/0
    56 | D:1      | Reached XP level 2. HP: 27/27 MP: 1/1
   211 | D:1      | Reached XP level 3. HP: 26/33 MP: 2/2
   527 | D:2      | Found a blossoming altar of Fedhas.
   527 | D:2      | Found a shimmering altar of Xom.
   533 | D:2      | Reached ** piety under Trog
   952 | D:2      | Reached XP level 4. HP: 40/41 MP: 3/3
   970 | D:2      | Found a shattered altar of Ashenzari.
  1020 | D:3      | Reached skill level 1 in Maces & Flails
  1030 | D:3      | Noticed Terence
  1047 | D:3      | Killed Terence
  1047 | D:3      | Reached XP level 5. HP: 27/47 MP: 4/4
  1145 | D:2      | Noticed Sigmund
  1151 | D:2      | Killed Sigmund
  1151 | D:2      | Reached XP level 6. HP: 51/55 MP: 5/5
  1447 | D:3      | You fall into a shaft and drop 1 floor!
  1447 | D:4      | Found a staircase to the Ecumenical Temple.
  1549 | D:4      | Noticed Robin
  1550 | D:4      | Reached *** piety under Trog
  1557 | D:4      | Reached skill level 5 in Fighting
  1571 | D:4      | Killed Robin
  1938 | D:4      | Reached XP level 7. HP: 59/61 MP: 6/6
  1999 | D:4      | You fall into a shaft and drop 3 floors!
  2023 | D:7      | Reached skill level 5 in Maces & Flails
  2023 | D:7      | Reached skill level 5 in Armour
  2099 | D:6      | Found a sand-covered staircase.
  2105 | Ossuary  | Entered an ossuary
  2152 | Ossuary  | Reached skill level 1 in Polearms
  2162 | Ossuary  | Reached skill level 2 in Polearms
  2242 | Ossuary  | Reached skill level 1 in Throwing
  2246 | Ossuary  | Reached **** piety under Trog
  2266 | Ossuary  | Reached XP level 8. HP: 36/69 MP: 7/7
  2314 | Ossuary  | Reached skill level 3 in Polearms
  2320 | Ossuary  | Reached skill level 4 in Polearms
  2438 | D:5      | Entered Level 5 of the Dungeon
  2522 | D:5      | Reached skill level 5 in Polearms
  2952 | D:3      | Found a sparkling altar of Nemelex Xobeh.
  2960 | D:3      | You fall into a shaft and drop 2 floors!
  3535 | D:3      | You fall into a shaft and drop 1 floor!
  3536 | D:4      | You fall into a shaft and drop 2 floors!
  3642 | D:3      | You fall into a shaft and drop 1 floor!
  3671 | D:3      | Reached skill level 6 in Polearms
  4016 | Temple   | Entered the Ecumenical Temple
  4452 | D:6      | Found a radiant altar of Vehumet.
  4766 | D:7      | Reached skill level 7 in Polearms
  4766 | D:7      | Reached XP level 9. HP: 70/78 MP: 8/8
  4873 | D:7      | Reached skill level 1 in Slings
  5732 | D:7      | Found a blossoming altar of Fedhas.
  5775 | D:7      | Reached skill level 8 in Polearms
  5850 | D:7      | Got a warped cloak
  5856 | D:7      | Identified the cursed -1 cloak of Integrity {Int+4} (You
                  | found it on level 7 of the Dungeon)
  5974 | D:7      | Reached ***** piety under Trog
  6421 | D:8      | Found a shadowy altar of Dithmenos.
  6522 | D:9      | Reached skill level 9 in Polearms
  6557 | D:9      | Found a staircase to the Lair.
  6697 | D:8      | Reached XP level 10. HP: 85/88 MP: 9/9
  6701 | D:8      | Reached skill level 10 in Polearms
  6893 | D:8      | Found an iron altar of Okawaru.
  7000 | D:10     | Entered Level 10 of the Dungeon
  7269 | D:9      | Received a gift from Trog
  7269 | D:9      | Reached skill level 11 in Polearms
  8258 | D:10     | Reached skill level 12 in Polearms
  8728 | D:12     | Killed from afar by a meliai

Levels and vault maps discovered:
D:1:      dpeg_arrival_water_fire, layout_basic, minmay_misc_feat_rugged
D:2:      layout_rooms, ashenzari_altar_1,
          chequers_temple_overflow_statue_of_worship, uniq_sigmund
D:3:      cheibrodos_thug_alley, layout_basic, hangedman_feature_mirror,
          minmay_misc_feat_pillars, nemelex_spade_bored_becter, uniq_terence
D:4:      layout_rooms, temple_pool_b, first_ration, corexii_corridor_pit,
          kennysheep_dice, uniq_robin
D:5:      layout_cave_pools
D:6:      layout_rooms, lemuel_crystal_altar, serial_corexii_hall,
          corexii_hall_statues_t, corexii_hall_statues_x,
          chequers_hall_statues_y, chequers_hall_statues_corner_a,
          nicolae_ossuary_entry_plus
D:7:      layout_gridville, grunt_ogre_cave, fedhas_altar_decomposition
D:8:      layout_gridville, lemuel_coloured_pillars_altar,
          grunt_dithmenos_smoke_and_mirrors
D:9:      layout_grid_maze, david_lair_generic, serial_glass, glass_columns_c,
          glass_columns_b, item_on_display_b
D:10:     layout_loops_ring
D:11:     layout_long_grid, kennysheep_generic_room_3
D:12:     layout_cave_pods, orc_0_dummy, gauntlet_entry_generic, special_room
          [special_room_bee]
Temple:   nicolae_temple_elliptical

Skill      XL: |  1  2  3  4  5  6  7  8  9 10 |
---------------+-------------------------------+-----
Fighting       | 4 5 6 8 9 |  9.2
Axes           | 4 |  4.9
Armour         | 3 4 5 6 7 9 |  9.1
Maces & Flails | 2 3 4 6 |  6.0
Dodging        | 3 4 |  4.3
Polearms       | 2 7 9 12 | 12.3
Throwing       | 1 |  1.9
Slings         | 3 4 |  4.2
Stealth        | |  0.8

Action                   |  1- 3 |  4- 6 |  7- 9 | 10-12 || total
-------------------------+-------+-------+-------+-------++-------
Melee: Hand axe          |    41 |       |       |       ||    41
       Headbutt          |    11 |    19 |    83 |    37 ||   150
       Whip              |    33 |   116 |    16 |       ||   165
       Halberd           |       |       |   336 |   160 ||   496
       Eveningstar       |       |       |       |     5 ||     5
 Fire: Hunting sling     |       |       |    23 |    21 ||    44
Throw: Boomerang         |       |       |     4 |       ||     4
Invok: Trog's Hand       |       |     3 |       |     1 ||     4
       Berserk           |       |     2 |       |     1 ||     3
       Brothers in Arms  |       |       |       |     1 ||     1
  Use: Scroll            |       |       |    18 |     3 ||    21
  Eat: Chunk             |       |     6 |     9 |     7 ||    22
       Ration            |       |       |     2 |       ||     2
Armor: Animal skin       |     4 |       |       |       ||     4
       Ring mail         |    23 |    12 |       |       ||    35
       Chain mail        |       |    45 |    64 |       ||   109
       Plate armour      |       |       |    90 |    82 ||   172
Dodge: Dodged            |    42 |    85 |   156 |    80 ||   363

Table legend:
 A = Non-vault XP
 B = Vault XP
 C = Vault XP percentage of total XP
 D = Non-vault monster count
 E = Vault monster count
 F = Vault count percentage of total count
                 A         B        C        D         E       F
            +---------+---------+-------+---------+---------+-------
      Total |    6771 |    3921 |  36.7 |     197 |      82 |  29.4
            +---------+---------+-------+---------+---------+-------
        D:1 |      46 |       0 |   0.0 |      27 |       0 |   0.0
        D:2 |      64 |     227 |  78.0 |      20 |       1 |   4.8
        D:3 |     149 |     155 |  51.0 |      29 |      10 |  25.6
        D:4 |     234 |      60 |  20.4 |       7 |      15 |  68.2
        D:5 |     346 |       0 |   0.0 |      20 |       0 |   0.0
        D:6 |     288 |      96 |  25.0 |       5 |       2 |  28.6
        D:7 |     887 |     776 |  46.7 |      24 |       9 |  27.3
        D:8 |     822 |       0 |   0.0 |      14 |       0 |   0.0
        D:9 |    1517 |     662 |  30.4 |      18 |       4 |  18.2
       D:10 |    2064 |       0 |   0.0 |      25 |       0 |   0.0
       D:11 |     354 |      42 |  10.6 |       8 |       1 |  11.1
       D:12 |       0 |    1060 | 100.0 |       0 |      11 | 100.0
    Ossuary |       0 |     843 | 100.0 |       0 |      29 | 100.0
            +---------+---------+-------+---------+---------+-------
